 Dungeon Crawl Stone Soup version 0.20.1-1-g8b1a95d (webtiles) character file.

44 vatarom the Vexing (level 3, -4/26 HPs)
             Began as a Demonspawn Arcane Marksman on Sept 23, 2017.
             Slain by Natasha (10 damage)
             ... on level 2 of the Dungeon.
             The game lasted 00:02:23 (840 turns).

vatarom the Vexing (Demonspawn Arcane Marksman)      Turns: 840, Time: 00:02:24

Health: -4/26      AC:  0    Str: 11    XL:     3   Next: 39%
Magic:  0/4        EV: 14    Int: 14    God:
Gold:   56         SH:  0    Dex: 13    Spells: 1/4 levels left

rFire    . . .     SeeInvis .   (weapon currently unavailable)
rCold    . . .     Gourm    .   (shield currently unavailable)
rNeg     . . .     Faith    .   (armour currently unavailable)
rPois    .         Spirit   +   (helmet currently unavailable)
rElec    .         Reflect  .   (cloak currently unavailable)
rCorr    .         Harm     .   (gloves currently unavailable)
MR       .....                  (boots currently unavailable)
Stlth    +.........             (no amulet)
Regen    0.1/turn               (ring currently unavailable)
MPRegen  0.2/turn               (ring currently unavailable)

@: pig-form, very quick
A: magic shield, magic regeneration
a: no special abilities


You were on level 2 of the Dungeon.
You were not hungry.
You were a filthy swine.
You visited 1 branch of the dungeon, and saw 2 of its levels.

You collected 56 gold pieces.

Inventory:

Hand Weapons
 a - a +0 hand crossbow (melded)
Missiles
 d - 11 bolts
Armour
 b - a +2 cloak (melded)
 e - a +1 robe (melded)
 i - a +0 buckler (melded)
Jewellery
 j - a +2 ring of protection (melded)
Scrolls
 h - 2 scrolls of identify
Potions
 g - a potion of invisibility
Books
 c - a book of Debilitation

   Spells                             Type                      Level
   a - Corona                         Hexes                        1
   b - Slow                           Hexes                        2
   c - Inner Flame                    Hexes/Fire                   3
   d - Portal Projectile              Hexes/Translocation          3
   e - Cause Fear                     Hexes                        4
   f - Leda's Liquefaction            Hexes/Earth                  4
Comestibles
 f - a bread ration
 k - 6 chunks of flesh
 l - a meat ration


   Skills:
 + Level 1.6 Fighting
 * Level 2.4 Crossbows
 - Level 1.9 Dodging
 * Level 1.1 Shields
 + Level 1.1 Spellcasting
 + Level 3.1 Hexes


You had one spell level left.
You knew the following spells:

 Your Spells              Type           Power        Failure   Level  Hunger
a - Corona                Hex            #......      7%          1    ##.....
b - Slow                  Hex            #.......     11%         2    ###....


Dungeon Overview and Level Annotations

Branches:
Dungeon (2/15)

Altars:

Annotations:
D:2 Natasha


Innate Abilities, Weirdness & Mutations

When hurt, damage is shared between your health and your magic reserves.
You regenerate magic rapidly.


Message History

You resist with significant effort.
You closely miss Natasha. You hit Natasha.
Natasha is moderately wounded.
Natasha drinks a potion.
Natasha seems to speed up.
You closely miss Natasha.
Natasha is moderately wounded.
Natasha zaps a wand.
You resist with significant effort. The white imp hits you.
The white imp freezes you. Natasha barely misses you.
You hit Natasha but do no damage.
Natasha is moderately wounded.
Natasha claws you! The white imp gestures at you. The puff of frost hits you!
* * * LOW HITPOINT WARNING * * *
Unknown command.
Natasha wildly gestures.
Natasha shimmers violently.
Natasha claws you!
You die...

##### #... ###..#
#....####
#..$.h5.####
######h#.#>.(..
..........#.####
#.#####......#
#.#....# ##
#.#....# ..
#.#.#'##.####
#.#.#...<....
..#.#.############
###...##..........


You could see Natasha and a white imp.

Vanquished Creatures
  Natasha (D:2)
  A leopard gecko (D:2)
  A bat (D:2)
  2 giant cockroaches (D:1)
  A hobgoblin (D:1)
  4 jackals
  5 kobolds
  A goblin (D:1)
  A rat (D:1)
17 creatures vanquished.

Notes
Turn   | Place    | Note
-------+----------+-------------------------------------------
     0 | D:1      | vatarom the Demonspawn Arcane Marksman began the quest for the Orb.
     0 | D:1      | Reached XP level 1. HP: 15/15 MP: 2/2
   388 | D:1      | Gained mutation: When hurt, damage is shared between your health and your magic reserves. [demonic ancestry]
   388 | D:1      | Reached XP level 2. HP: 21/21 MP: 3/3
   437 | D:1      | Learned a level 2 spell: Slow
   578 | D:2      | Noticed Natasha
   581 | D:2      | Killed Natasha
   581 | D:2      | Gained mutation: You regenerate magic rapidly. [demonic ancestry]
   581 | D:2      | Reached XP level 3. HP: 26/26 MP: 4/4
   613 | D:1      | Reached skill level 1 in Shields
   830 | D:2      | Noticed Natasha
   840 | D:2      | Slain by Natasha

Skill      XL: |  1  2  3 |
---------------+----------+-----
Crossbows      | 2 |  2.4
Shields        | 1 |  1.1
Fighting       | |  1.6
Dodging        | |  1.9
Spellcasting   | |  1.1
Hexes          | |  3.1

Action                   || total
-------------------------++-------
Melee: Unarmed           ||    22
 Fire: Hand crossbow     ||    35
 Cast: Slow              ||     1
  Use: Scroll            ||     7
       Potion            ||     1
Armor: Robe              ||    19
Dodge: Dodged            ||    26
Block: Buckler           ||     8
